 Dungeon Crawl Stone Soup version 0.31-a0-986-g5e6e4ef867 (webtiles) character file.

Game seed: 14777386278965795840

108 LeprechaunX the Changeling (level 4, -2/29 HPs)
             Began as an Octopode Shapeshifter on Nov 6, 2023.
             Slain by a gnoll
             ... wielding a +0 club
             ... led by a gnoll bouda
              (3 damage)
             ... on level 4 of the Dungeon.
             The game lasted 00:02:19 (2217 turns).

LeprechaunX the Changeling (Octopode Shapeshifter)  Turns: 2217, Time: 00:02:19

Health: -2/29      AC:  1    Str: 13    XL:     4   Next: 87%
Magic:  4/4        EV: 13    Int: 12    God:
Gold:   46         SH:  0    Dex: 13    Spells: 3/3 levels left

rFire   . .          .
                       - Unarmed
rCold   . . .        (no shield)
rNeg    . . .        (helmet currently unavailable)
rPois   .            (no amulet)
rElec   .            (no ring)
rCorr   .            (no ring)
SInv    .            (no ring)
Will    .....        (no ring)
Stlth   ++           (no ring)
HPRegen 0.24/turn    (no ring)
MPRegen 0.09/turn    (no ring)
                     (no ring)

%: no passive effects
@: beast-form
A: beast (slay +2), almost no armour, amphibious, 8 rings, camouflage 1,
gelatinous body 1, (nimble swimmer 1), tentacles
a: Begin Untransformation


You were on level 4 of the Dungeon.
You were a hulking beast.
You visited 1 branch of the dungeon, and saw 4 of its levels.

You collected 46 gold pieces.

Inventory:

Hand Weapons
 a - a +0 sling
Missiles
 i - 2 boomerangs (quivered)
Talismans
 b - a beast talisman
 c - a flux talisman
Scrolls
 d - 4 scrolls of vulnerability {unknown}
 e - a scroll of fog {unknown}
 f - a scroll of amnesia {unknown}
 j - a scroll of noise {unknown}
 k - 2 scrolls of teleportation {unknown}
 n - 3 scrolls of enchant armour {unknown}
 p - 2 scrolls of poison {unknown}
 q - a scroll of identify {unknown}
Potions
 g - 2 potions of degeneration {unknown}
 h - 2 potions of might {unknown}
 l - 2 potions of lignification
 m - 3 potions of heal wounds {unknown}
 o - a potion of mutation {unknown}


   Skills:
 + Level 2.2 Fighting
 + Level 1.4 Throwing
 - Level 2.0 Dodging
 + Level 3.5 Unarmed Combat
 * Level 4.0 Shapeshifting


You had 3 spell levels left.
You didn't know any spells.
Your spell library contained the following spells:

 Spells                   Type           Power      Damage    Failure   Level
 Tukima's Dance           Hex            0%         N/A       69%         3
 Dimensional Bullseye     Hex/Tloc       0%         N/A       97%         4
 Iskenderun's Mystic Bla  Conj/Tloc      0%         2d3       97%         4


Dungeon Overview and Level Annotations

Branches:
Dungeon (4/15)
 Temple: D:4-7

Altars:
Nemelex Xobeh
Xom

Annotations:
D:3 2 runed translucent doors


Innate Abilities, Weirdness & Mutations

You are a hulking beast.
Your limbs bulge with bestial killing power. (Slay +2)
You cannot wear most types of armour.
You are amphibious.
You can wear up to eight rings at the same time.
Your skin changes colour to match your surroundings (Stealth+).
Your rubbery body absorbs attacks. (AC +1, EV +1)
((You are camouflaged when in or above water. (Stealth+)))
You have tentacles for arms and can constrict up to eight enemies at once.


Message History

You kill the orc!
The jackal misses you. The jackal barely misses you.
You tentacle-slap the jackal. You grab the jackal.
The jackal is lightly wounded.
You constrict the jackal.
The jackal bites you but does no damage.
A gnoll comes into view. It is wielding a +0 club.
You tentacle-slap the jackal but do no damage.
You squeeze the jackal.
You kill the jackal!
An orc comes into view. It is wielding a +0 mace.
The gnoll hits you with a +0 club.
You tentacle-slap the gnoll. Your grab misses the gnoll.
The gnoll is heavily wounded.
The gnoll barely misses you.
You tentacle-slap the gnoll. Your grab misses the gnoll.
Your squeeze misses the gnoll.
The gnoll is severely wounded.
You bludgeon the gnoll!
You kill the gnoll!
An orc comes into view. It is wielding a +0 mace.
Your Shapeshifting skill increases to level 4!
There is a stone staircase leading up here.
The gnoll hits you with a +0 club.
You barely miss the gnoll. Your grab misses the gnoll.
The gnoll hits you with a +0 club.
You tentacle-slap the gnoll. Your grab misses the gnoll.
The gnoll is lightly wounded.
The gnoll completely misses you.
You tentacle-slap the gnoll. You grab the gnoll.
The gnoll is heavily wounded.
You constrict the gnoll, but do no damage.
The gnoll hits you with a +0 club.
* * * LOW HITPOINT WARNING * * *
You release your grip on the gnoll.
The gnoll attacks as it pursues you! The gnoll hits you with a +0 club.
* * * LOW HITPOINT WARNING * * *
There is a stone staircase leading up here.
The gnoll attacks as it pursues you! The gnoll hits you with a +0 club.
You die...

......
.....
.....
##.... o
##...## ..
##.....##
.o.
#.......#
...g
#.gh.#
....#.<..#
#.o#..##
##.)..#
#.†..#
#.....#
##......
#.......
#.......#


You could see a gnoll and an orc.

Vanquished Creatures
  A sleepcap (D:3)
  A gnoll (D:4)
  An adder (D:3)
  A worm (D:3)
  5 orcs
  4 ball pythons
  2 bats (D:1)
  6 endoplasms
  A giant cockroach (D:2)
  2 goblins
  3 hobgoblins
  5 jackals
  4 quokkas
  3 frilled lizards
  6 kobolds
  5 rats
50 creatures vanquished.

Notes
Turn   | Place    | Note
-------+----------+-------------------------------------------
     0 | D:1      | LeprechaunX the Octopode Shapeshifter began the quest for
                  | the Orb.
     0 | D:1      | Reached XP level 1. HP: 13/13 MP: 1/1
   257 | D:1      | Reached XP level 2. HP: 18/18 MP: 2/2
  1189 | D:2      | Reached XP level 3. HP: 21/23 MP: 3/3
  1654 | D:3      | Found a large runed translucent door.
  1654 | D:3      | Found a large runed translucent door.
  1752 | D:3      | Found a shimmering altar of Xom.
  1765 | D:3      | Reached skill level 1 in Throwing
  1821 | D:3      | Found a faded altar of an unknown god.
  1903 | D:3      | Reached XP level 4. HP: 11/29 MP: 4/4
  1997 | D:3      | Identified the +3 flail of Revolt {drain, Stlth+}
  2098 | D:3      | Found a sparkling altar of Nemelex Xobeh.
  2210 | D:4      | Reached skill level 4 in Shapeshifting
  2216 | D:4      | HP: 1/29 [gnoll/+0 club[a gnoll bouda] (6)]
  2217 | D:4      | Slain by a gnoll

Illustrated notes

Levels and vault maps discovered:
D:1:      dpeg_arrival_windows_large_door, layout_loops_ring, minivault_19,
          chequers_serial_rivers_large_a, minmay_misc_feat_ornament
D:2:      layout_loops_cross
D:3:      due_chaos_kobolds, layout_rooms, nemelex_altar_shiori,
          hellmonk_ecumenical_altar_arch_garden
D:4:      layout_layer_cave, lemuel_doored_altar

Skill      XL: |  1  2  3  4 |
---------------+-------------+-----
Throwing       | 1 |  1.4
Fighting       | 2 |  2.2
Shapeshifting  | 4 |  4.0
Dodging        | |  2.0
Unarmed Combat | |  3.5

Action                     |  1- 3 |  4- 6 || total
---------------------------+-------+-------++-------
  Melee: Unarmed           |    70 |    32 ||   102
         Constrict         |    16 |     8 ||    24
         Tentacles         |     9 |     4 ||    13
         Punch             |     1 |       ||     1
   Fire: Sling             |    31 |       ||    31
   Stab: Sleeping          |     3 |       ||     3
 Armour: Skin              |    31 |    13 ||    44
  Dodge: Dodged            |    46 |    18 ||    64

Table legend: (Time is in decaauts)
 A = Elapsed time spent in this place.
 B = Non-inter-level travel time spent in this place.
 C = Inter-level travel time spent in this place.
 D = Time resting spent in this place.
 E = Time spent auto-exploring this place.
 F = Levels seen in this place.
 G = Mean time per level.
                   A        B        C        D        E       F      G
               +--------+--------+--------+--------+--------+-----+--------+
         Total |   2217 |   2148 |     69 |    153 |   1668 |   4 |  554.2 |
       Dungeon |   2217 |   2148 |     69 |    153 |   1668 |   4 |  554.2 |
               +--------+--------+--------+--------+--------+-----+--------+

Top non-repeatable levels by time:
     D:1: 934 daAuts
     D:2: 648 daAuts
     D:3: 606 daAuts
     D:4: 27 daAuts
